 Dungeon Crawl Stone Soup version 0.26-b1-32-g5d43845318 (webtiles) character file.

Game seed: 9239897360360215302

203 MajorAdolf the Chopper (level 5, -4/49 HPs)
             Began as a Naga Wanderer on Jan 8, 2021.
             Slain by an orc
             ... wielding a +1 mace of distortion
              (16 damage)
             ... on level 3 of the Dungeon.
             The game lasted 00:03:11 (2851 turns).

MajorAdolf the Chopper (Naga Wanderer)              Turns: 2851, Time: 00:03:11

Health: -4/49      AC:  7    Str: 17    XL:     5   Next: 81%
Magic:  5/5        EV:  8    Int: 10    God:
Gold:   111        SH:  0    Dex:  7    Spells: 4/4 levels left

rFire    . . .     SeeInvis +   j - +2 dagger (drain)
rCold    . . .     Faith    .   (no shield)
rNeg     . . .     Spirit   .   n - +0 scale mail
rPois    +         Reflect  .   r - +0 helmet
rElec    .         Harm     .   o - +0 cloak
rCorr    .         Rampage  .   (no gloves)
Will     .....                  (no barding)
Stlth    ..........             (no amulet)
HPRegen  0.16/turn              t - -4 ring of dexterity (curse)
MPRegen  0.09/turn              (no ring)

@: about to teleport, very slow
A: large, see invisible, deformed body, poison resistance, slowness 2, spit
poison 1, AC +1
a: Spit Poison


You were on level 3 of the Dungeon.
You visited 1 branch of the dungeon, and saw 3 of its levels.

You collected 111 gold pieces.

Inventory:

Hand Weapons
 a - a +2 falchion
 i - a +0 hand axe
 j - a +2 dagger of draining (weapon)
Missiles
 s - a throwing net
Armour
 n - a +0 scale mail (worn)
 o - a +0 cloak (worn)
 r - a +0 helmet (worn)
Jewellery
 p - an uncursed amulet of guardian spirit
 t - a cursed -4 ring of dexterity (left hand)
Scrolls
 c - 3 scrolls of teleportation
 e - a scroll of amnesia {unknown}
 f - 2 scrolls of magic mapping {unknown}
 g - a scroll of random uselessness {unknown}
 h - a scroll of fear {unknown}
 k - a scroll of immolation {unknown}
 l - 5 scrolls of identify
 m - a scroll of noise {unknown}
 q - a scroll of fog {unknown}
 u - a scroll of enchant armour {unknown}
 v - a scroll of remove curse {unknown}
Potions
 b - a potion of curing
 w - a potion of attraction


   Skills:
 + Level 3.4 Fighting
 - Level 2.0 Long Blades
 + Level 3.6 Axes
 + Level 2.1 Armour
 + Level 2.1 Dodging
 - Level 1.5 Shields


You had 4 spell levels left.
You didn't know any spells.
Your spell library was empty.

Dungeon Overview and Level Annotations

Branches:
Dungeon (3/15)

Altars:
Xom
Zin


Innate Abilities, Weirdness & Mutations

You cannot wear boots.
Your serpentine skin is tough. (AC +1)
You have supernaturally acute eyesight. (SInv)
Armour fits poorly on your strangely shaped body.
Your system is resistant to poisons. (rPois)
You cover ground very slowly.
You can spit poison.


Message History

You hit the orc. You drain the orc.
The orc is heavily wounded.
The orc completely misses you.
You hit the orc. You drain the orc.
You kill the orc!
The orc throws a boomerang.
The boomerang hits you.
* * * LOW HITPOINT WARNING * * *
The weapon returns to the orc!
You closely miss the orc wizard.
The orc wizard hits you but does no damage.
The orc throws a boomerang.
The boomerang barely misses you.
The weapon returns to the orc!
Okay, then.
As you read the scroll of teleportation, it crumbles to dust.
You feel strangely unstable. The orc wizard closely misses you.
Unknown command.
You hit the orc wizard but do no damage.
The orc wizard barely misses you. The orc hits you but does no damage.
Space warps horribly around you!
You die...

#### #### #...### ##### #..
..... ##.... ... )....
##.....##.. #.#.#
##....$..#o# #.#.#
........#o#####.#.##.#
#.......#o#......<...#
#.###.....##@#.###.#........
#.......)..o.#.#..†#....#.##
#.....#####.#.#.#........
..##§.# #.........##.# #..#
#...#.#.... .# #..#
#...#.#.#.## #
#..#####...#.#.#.#
#........(......
#.#######..#.#.#


You could see an orc wizard and 3 orcs.

Vanquished Creatures
  An ogre (D:3)
  Natasha (D:3)
  A gnoll (D:2)
  An adder (D:2)
  An ooze (D:2)
  2 worms (D:2)
  A dart slug (D:2)
  3 leopard geckos (D:1)
  An orc (D:3)
  7 bats
  7 giant cockroaches
  2 hobgoblins (D:2)
  8 jackals (D:2)
  9 kobolds
  5 frilled lizards
  4 goblins
  6 rats
60 creatures vanquished.

Notes
Turn   | Place    | Note
-------+----------+-------------------------------------------
     0 | D:1      | MajorAdolf the Naga Wanderer began the quest for the Orb.
     0 | D:1      | MajorAdolf set off with the following items: a +2 falchion,
                  | a potion of curing, a scroll of teleportation, a +0 robe
     0 | D:1      | Reached XP level 1. HP: 19/19 MP: 1/1
   325 | D:1      | Reached XP level 2. HP: 27/27 MP: 2/2
  1040 | D:1      | Reached XP level 3. HP: 31/33 MP: 3/3
  1339 | D:2      | Found a faded altar of an unknown god.
  1873 | D:2      | Reached XP level 4. HP: 40/40 MP: 4/4
  1998 | D:2      | Noticed an angel
  1999 | D:2      | Found a shimmering altar of Xom.
  1999 | D:2      | Found a glowing silver altar of Zin.
  2703 | D:3      | Noticed Natasha
  2715 | D:3      | Killed Natasha
  2716 | D:3      | Reached XP level 5. HP: 34/49 MP: 5/5
  2828 | D:3      | Noticed an ogre
  2840 | D:3      | HP: 1/49 [orc/+1 mace of distortion (8)]
  2845 | D:3      | Killed an ogre
  2851 | D:3      | Slain by an orc

Illustrated notes

Levels and vault maps discovered:
D:1:      dpeg_arrival_stonehenge_8_columns, layout_loops_ring
D:2:      kb_forest_paths, layout_basic,
          grunt_temple_overflow_order_and_chaos_1,
          chequers_ecumenical_altar_island
D:3:      layout_loops_ring, uniq_natasha, uniq_ijyb

Skill      XL: |  1  2  3  4  5 |
---------------+----------------+-----
Axes           | 3 |  3.6
Fighting       | 3 |  3.4
Armour         | 2 |  2.1
Dodging        | 2 |  2.1
Long Blades    | |  2.0
Shields        | |  1.5

Action                   |  1- 3 |  4- 6 || total
-------------------------+-------+-------++-------
Melee: Falchion          |    20 |       ||    20
       Dagger            |    91 |    93 ||   184
 Abil: Spit Poison       |     2 |     4 ||     6
  Use: Scroll            |       |     4 ||     4
       Potion            |       |     1 ||     1
Armor: Robe              |     5 |       ||     5
       Scale mail        |    36 |    52 ||    88
Dodge: Dodged            |    41 |    46 ||    87
       Rpst.: Falchion   |     1 |       ||     1
